 Dungeon Crawl Stone Soup version 0.29-a0-323-g050149af67 (webtiles) character file.

Game seed: 14761773884476130944

5355 Ajdolov the Grappler (level 10, -2/56 HPs)
             Began as a Vine Stalker Fighter on Apr 10, 2022.
             Was a High Priest of Zin.
             Slain by a yak (12 damage)
             ... on level 9 of the Dungeon.
             The game lasted 00:15:24 (9015 turns).

Ajdolov the Grappler (Vine Stalker Fighter)         Turns: 9015, Time: 00:15:24

Health: -2/56      AC: 13    Str: 25    XL:     10   Next: 65%
Magic:  0/24       EV: 13    Int:  9    God:    Zin [*****.]
Gold:   180        SH:  4    Dex: 14    Spells: 9/9 levels left

rFire   . . .      SeeInvis .     - Unarmed
rCold   . . .      Faith    .   b - +0 buckler
rNeg    . . .      Spirit   +   G - +3 scale mail
rPois   ∞          Reflect  .   s - +1 hat
rElec   .          Harm     .   (no cloak)
rCorr   .          Rampage  .   L - +1 pair of gloves
Will    +....                   B - +0 pair of boots
Stlth   ..........              (no amulet)
HPRegen 0.98/turn               i - ring of magical power
MPRegen 0.19/turn               I - +4 ring of evasion

@: vitalised, on recite cooldown, studying Shields
A: fangs 3, regeneration 1, magic shield, antimagic bite, no potion heal 2
a: Renounce Religion, Recite, Vitalisation, Imprison, Sanctuary, Donate Gold


You were on level 9 of the Dungeon.
You worshipped Zin.
Zin was extremely pleased with you.
You visited 2 branches of the dungeon, and saw 10 of its levels.
You also visited: Sewer.

You collected 592 gold pieces.
You spent 233 gold pieces at shops.
You donated 179 gold pieces to Zin.

Inventory:

Missiles
 n - a curare-tipped dart
 H - a throwing net (quivered)
Armour
 b - a +0 buckler (worn)
 s - a +1 hat (worn)
 B - a +0 pair of boots (worn)
 G - a +3 scale mail (worn)
 L - a +1 pair of gloves (worn)
Jewellery
 i - a ring of magical power (left hand)
 I - a +4 ring of evasion (right hand)
 J - a +6 ring of dexterity
 M - a +4 ring of evasion
Wands
 y - a wand of flame (18)
 E - a wand of iceblast (6)
 F - a wand of charming (4)
Scrolls
 a - 2 scrolls of teleportation {unknown}
 d - 4 scrolls of fear
 e - 4 scrolls of blinking {unknown}
 g - 2 scrolls of torment {unknown}
 h - a scroll of immolation {unknown}
 j - 6 scrolls of identify {unknown}
 k - 2 scrolls of summoning {unknown}
 u - 2 scrolls of holy word {unknown}
 v - 3 scrolls of fog {unknown}
 w - 4 scrolls of enchant weapon {unknown}
 A - a scroll of enchant armour {unknown}
 K - 2 scrolls of noise {unknown}
 N - a scroll of amnesia {unknown}
Potions
 c - a potion of might
 f - 4 potions of brilliance {unknown}
 l - 2 potions of lignification {unknown}
 m - 2 potions of invisibility {unknown}
 o - 3 potions of heal wounds {unknown}
 p - a potion of resistance
 q - 2 potions of degeneration {unknown}
 r - a potion of mutation {unknown}
 t - 6 potions of curing {unknown}
 x - a potion of magic {unknown}
 z - 3 potions of haste {unknown}
 C - a potion of attraction {unknown}
 D - 2 potions of flight {unknown}
 O - a potion of cancellation


   Skills:
 + Level 8.1 Fighting
 - Level 2.4 Armour
 - Level 2.6 Shields
 * Level 11.8 Unarmed Combat
 + Level 5.8 Invocations


You had 9 spell levels left.
You didn't know any spells.
Your spell library contained the following spells:

 Spells                   Type           Power      Damage    Failure   Level
 Apportation              Tloc           0%         N/A       78%         1
 Beastly Appendage        Tmut           0%         N/A       78%         1
 Foxfire                  Conj/Fire      0%         2x1d4     78%         1
 Summon Small Mammal      Summ           0%         N/A       78%         1
 Corpse Rot               Necr/Air       0%         N/A       89%         2
 Poisonous Vapours        Pois/Air       0%         N/A       89%         2
 Wereblood                Tmut           0%         N/A       89%         2
 Call Canine Familiar     Summ           0%         N/A       98%         3
 Conjure Flame            Conj/Fire      0%         6-21      98%         3
 Dazzling Flash           Conj/Hex       0%         N/A       98%         3
 Inner Flame              Hex/Fire       0%         N/A       98%         3
 Spider Form              Tmut/Pois      0%         N/A       98%         3
 Summon Guardian Golem    Hex/Summ       0%         N/A       98%         3
 Flame Wave               Conj/Fire      0%         2d4       100%        4
 Agony                    Necr           0%         N/A       100%        5
 Alistair's Intoxication  Tmut/Pois      0%         N/A       100%        5
 Silence                  Hex/Air        0%         N/A       100%        5


Dungeon Overview and Level Annotations

Branches:
Dungeon (9/15)             Temple (1/1) D:5           Sewer (visited)
   Lair: D:8-11         Orc: D:9-12

Altars:
Ashenzari
Cheibriados
Dithmenos
Elyvilon
Fedhas
Hepliaklqana
Makhleb
Okawaru
Qazlal
Ru
Sif Muna
Uskayaw
Vehumet
Wu Jian
Xom
Zin
The Shining One

Shops:
D:2 *(   D:8 *


Innate Abilities, Weirdness & Mutations

You have razor-sharp teeth.
Your natural rate of healing is unusually fast.
When hurt, damage is shared between your health and your magic reserves.
Your bite disrupts and absorbs the magic of your enemies.
Potions cannot restore your health.


Message History

You closely miss the two-headed ogre.
You bite the two-headed ogre, but do no damage.
The two-headed ogre is heavily wounded.
You block the two-headed ogre's attack.
The two-headed ogre hits you with a +0 giant club!
Activating: Recite (0% risk of failure)
Press: ? - help, Dir - look around, f - activate You clear your throat and prepare to recite. "And Zin decreed that the people would be..."
You hear a bellow!
Unknown command.
You punch the two-headed ogre! You bite the two-headed ogre.
You drain its power.
You feel invigorated.
The two-headed ogre is severely wounded.
The two-headed ogre closely misses you. x2; The yak gores you.
The yak gores you!
You punch the two-headed ogre!
The two-headed ogre is almost dead. "...protected from blasphemy in all its forms, and..."
The yak gores you but does no damage. x2
The two-headed ogre hits you with a +0 giant spiked club!!
* * * LOW HITPOINT WARNING * * *
The two-headed ogre hits you but does no damage.
The orc closely misses you.
You punch the two-headed ogre! You bite the two-headed ogre.
You kill the two-headed ogre! "...preserved in their piety for all the days to come."
You finish reciting Anathema 21:30.
Your Fighting skill increases to level 8!
Unknown command.
Found a glowing short sword.
Found 13 gold pieces.
The yak attacks as you move away! The yak barely misses you.
You punch the yak!
The yak is heavily wounded.
The yak gores you.
* * * LOW HITPOINT WARNING * * *
Zin grants you divine stamina. The yak gores you!
You die...

#......#............
##....##.#########
##....##.####...)##
#.................#
#..............)..#
#.................#
#.................#
#.........Y.......#
#........oY@......#
#######..###.....##
#.)###.....# ...>Y..
#....#.........Y...o
+....#...........Y..
#.Y..#....$.........
#...#########.......
#...###....# ......#
#..........##......#


You could see 2 yaks and an orc.

Vanquished Creatures
  A two-headed ogre (D:9)
  An ugly thing (D:8)
  A gargoyle (D:8)
  A hornet (D:6)
  Prince Ribbit (D:8)
  A wyvern (D:9)
  A steam dragon (D:5)
  2 vampire mosquitoes
  Menkaure (D:7)
  A water moccasin (Sewer)
  2 orc warriors
  2 sky beasts
  2 black bears
  An ogre (D:5)
  4 phantoms
  2 kobold brigands
  A gnoll sergeant (D:8)
  A necrophage (D:8)
  2 bullfrogs
  2 scorpions (D:4)
  4 wights (D:8)
  6 killer bees (D:8)
  An electric eel (D:7)
  A howler monkey (D:8)
  3 hounds
  2 orc priests (D:7)
  A jelly (D:4)
  A gnoll shaman (D:5)
  Jessica (D:2)
  6 iguanas
  9 orc wizards
  15 gnolls
  10 adders
  A white imp (D:8)
  2 ufetubi (D:4)
  4 worms
  2 dart slugs
  19 orcs
  9 ball pythons
  8 endoplasms
  5 giant cockroaches
  6 hobgoblins
  5 jackals
  3 quokkas
  4 bats
  5 frilled lizards
  4 goblins
  13 kobolds
  10 rats
190 creatures vanquished.

Notes
Turn   | Place    | Note
-------+----------+-------------------------------------------
     0 | D:1      | Ajdolov the Vine Stalker Fighter began the quest for the
                  | Orb.
     0 | D:1      | Reached XP level 1. HP: 11/11 MP: 2/2
   496 | D:1      | Reached XP level 2. HP: 12/16 MP: 3/3
   944 | D:1      | Reached skill level 3 in Unarmed Combat
  1029 | D:1      | Reached XP level 3. HP: 20/20 MP: 4/4
  1056 | D:1      | Found a faded altar of an unknown god.
  1176 | D:1      | Prayed at the altar of an unknown god.
  1176 | D:1      | Became a worshipper of Elyvilon the Healer
  1176 | D:1      | Reached * piety under Elyvilon
  1968 | D:2      | Noticed Jessica
  1978 | D:2      | Killed Jessica
  1979 | D:2      | Gained mutation: Your natural rate of healing is unusually
                  | fast. [Vine Stalker growth]
  1979 | D:2      | Reached XP level 4. HP: 24/24 MP: 5/5
  2192 | D:2      | Reached skill level 4 in Unarmed Combat
  2194 | D:2      | Found a shimmering blue altar of Sif Muna.
  2218 | D:2      | Found Ketac's Antique Weapon Shoppe.
  2328 | D:2      | Reached ** piety under Elyvilon
  2403 | D:2      | Found Manucrit's General Store.
  2414 | D:2      | Bought a +0 pair of gloves for 49 gold pieces
  2440 | D:2      | Reached XP level 5. HP: 28/28 MP: 6/6
  3605 | D:3      | Reached *** piety under Elyvilon
  3713 | D:4      | Reached skill level 5 in Unarmed Combat
  3713 | D:4      | Reached XP level 6. HP: 5/33 MP: 0/7
  3901 | D:4      | Reached skill level 6 in Unarmed Combat
  3976 | D:4      | Found a glowing drain.
  3987 | Sewer    | Entered a sewer
  4040 | Sewer    | Noticed a water moccasin
  4049 | Sewer    | Killed a water moccasin
  4050 | Sewer    | Reached XP level 7. HP: 38/38 MP: 8/8
  4256 | D:4      | Reached skill level 5 in Fighting
  4409 | D:4      | Reached **** piety under Elyvilon
  4473 | D:5      | Entered Level 5 of the Dungeon
  4517 | D:5      | Noticed a steam dragon
  4530 | D:5      | Killed a steam dragon
  4531 | D:5      | Reached skill level 7 in Unarmed Combat
  4747 | D:5      | Gained mutation: You have razor-sharp teeth. [Vine Stalker
                  | growth]
  4747 | D:5      | Reached XP level 8. HP: 40/43 MP: 9/9
  5032 | D:5      | Reached skill level 8 in Unarmed Combat
  5185 | D:5      | Reached ***** piety under Elyvilon
  5227 | D:5      | Found a staircase to the Ecumenical Temple.
  5579 | Temple   | Entered the Ecumenical Temple
  5628 | Temple   | Fell from the grace of Elyvilon
  5628 | Temple   | Became a worshipper of Zin the Law-Giver
  5628 | Temple   | Reached * piety under Zin
  5628 | Temple   | Reached ** piety under Zin
  5628 | Temple   | Reached *** piety under Zin
  5957 | D:6      | Noticed a hornet
  5972 | D:6      | Killed a hornet
  5973 | D:6      | Reached skill level 1 in Invocations
  6418 | D:6      | Donated 125 gold pieces to Zin
  7071 | D:7      | Reached skill level 9 in Unarmed Combat
  7079 | D:7      | Reached XP level 9. HP: 48/48 MP: 11/11
  7154 | D:7      | Reached **** piety under Zin
  7537 | D:7      | Noticed Menkaure
  7546 | D:7      | Killed Menkaure
  7839 | D:7      | Reached skill level 10 in Unarmed Combat
  7961 | D:8      | Reached ***** piety under Zin
  8421 | D:8      | Found Upieko's General Store.
  8423 | D:8      | Noticed a gargoyle
  8425 | D:8      | Noticed a white ugly thing
  8425 | D:8      | Noticed Prince Ribbit
  8440 | D:8      | Zin protects you from harm!
  8444 | D:8      | Killed a white ugly thing
  8445 | D:8      | Reached skill level 11 in Unarmed Combat
  8445 | D:8      | Reached XP level 10. HP: 27/55 MP: 14/14
  8451 | D:8      | Killed Prince Ribbit
  8452 | D:8      | Reached skill level 5 in Invocations
  8459 | D:8      | Killed a gargoyle
  8531 | D:8      | Bought a scroll of fear for 56 gold pieces
  8531 | D:8      | Bought a potion of cancellation for 128 gold pieces
  8982 | D:9      | Noticed a two-headed ogre
  9010 | D:9      | Killed a two-headed ogre
  9015 | D:9      | Slain by a yak

Illustrated notes

Levels and vault maps discovered:
D:1:      minmay_arrival_semitransparent, layout_basic,
          ebering_ecumenical_altar_rust, hangedman_abyss_or_decor_stabs,
          nicolae_figureground_sparkle
D:2:      minmay_razor_zed, layout_loops_corners, basic_altar, serial_shops,
          nicolae_shop_hallway_plus, nicolae_shop_overgrown_old_shop,
          uniq_jessica
D:3:      layout_basic
D:4:      layout_rooms, cheibrodos_sewer_entry_drain, minmay_quadrilaterals
D:5:      layout_loops_corners, temple_doors_ab
D:6:      layout_layer_cave, hangedman_abyss_or_decor_passed
D:7:      layout_cave_pods, kennysheep_small_spiral, uniq_menkaure
D:8:      layout_cave_pods, serial_shops, shop, chequers_serial_rivers_room_b,
          minmay_manual_mail, uniq_prince_ribbit1
D:9:      layout_gridville
Temple:   mainiacjoe_temple_circle_huts

Skill      XL: |  1  2  3  4  5  6  7  8  9 10 |
---------------+-------------------------------+-----
Fighting       | 3 4 5 6 7 8 |  8.1
Unarmed Combat | 3 4 5 6 7 9 11 | 11.8
Invocations    | 2 4 5 |  5.8
Armour         | |  2.4
Shields        | |  2.6

Action                   |  1- 3 |  4- 6 |  7- 9 | 10-12 || total
-------------------------+-------+-------+-------+-------++-------
Melee: Unarmed           |   109 |   187 |   274 |    78 ||   648
       Bite              |    18 |    41 |    78 |    29 ||   166
Throw: Throwing net      |       |     1 |       |       ||     1
Invok: Vitalisation      |       |       |     2 |     1 ||     3
       Donate Gold       |       |       |     1 |       ||     1
       Recite            |       |       |     1 |     1 ||     2
  Use: Potion            |       |       |       |     1 ||     1
Armor: Scale mail        |    27 |       |    64 |    33 ||   124
       Chain mail        |       |    92 |    28 |       ||   120
Dodge: Dodged            |    57 |    58 |    98 |    45 ||   258
Block: Buckler           |    14 |    45 |    40 |    21 ||   120

Table legend: (Time is in decaauts)
 A = Elapsed time spent in this place.
 B = Non-inter-level travel time spent in this place.
 C = Inter-level travel time spent in this place.
 D = Time resting spent in this place.
 E = Time spent auto-exploring this place.
 F = Levels seen in this place.
 G = Mean time per level.
                   A        B        C        D        E       F      G
               +--------+--------+--------+--------+--------+-----+--------+
         Total |   8977 |   8455 |    522 |    237 |   6778 |  11 |  816.1 |
       Dungeon |   8713 |   8210 |    503 |    237 |   6587 |   9 |  968.1 |
        Temple |    140 |    121 |     19 |      0 |    102 |   1 |  140.0 |
         Sewer |    123 |    123 |      0 |      0 |     88 |   1 |  123.0 |
               +--------+--------+--------+--------+--------+-----+--------+

Top non-repeatable levels by time:
     D:2: 1466 daAuts
     D:1: 1386 daAuts
     D:5: 1170 daAuts
     D:6: 1101 daAuts
     D:8: 985 daAuts
     D:7: 979 daAuts
     D:3: 811 daAuts
     D:4: 688 daAuts
  Temple: 140 daAuts
     D:9: 124 daAuts
   Sewer: 123 daAuts
